 Dungeon Crawl Stone Soup version 0.31-a0-345-g1ebeae05c6 (webtiles) character file.

Game seed: 15033469016254968320

235 LeprechaunX the Ruffian (level 6, -1/61 HPs)
             Began as an Octopode Shapeshifter on July 23, 2023.
             Succumbed to an orc wizard's poison
             ... on level 4 of the Dungeon.
             The game lasted 00:03:08 (2725 turns).

LeprechaunX the Ruffian (Octopode Shapeshifter)     Turns: 2725, Time: 00:03:08

Health: -1/61      AC: 23    Str: 17    XL:     6   Next: 6%
Magic:  6/6        EV:  2    Int: 10    God:
Gold:   109        SH:  0    Dex: 12    Spells: 5/5 levels left

rFire   . .          .
                       - Unarmed
rCold   . . .        (no shield)
rNeg    . . .        (helmet currently unavailable)
rPois   +            (no amulet)
rElec   .            (no ring)
rCorr   .            (no ring)
SInv    .            (no ring)
Will    .....        (no ring)
Stlth   +            (no ring)
HPRegen 0.30/turn    (no ring)
MPRegen 0.10/turn    (no ring)
                     (no ring)

%: no passive effects
@: lethally poisoned (-1 -> -18), tree-form
A: stationary, stasis, torment immunity, boosted hp, almost no armour,
(amphibious), 8 rings, (camouflage 1), (gelatinous body 1), (nimble swimmer 1),
(tentacles)
a: no special abilities


You were on level 4 of the Dungeon.
You were a tree.
You visited 1 branch of the dungeon, and saw 4 of its levels.

You collected 109 gold pieces.

Inventory:

Missiles
 f - 4 boomerangs (quivered)
Jewellery
 n - a ring of protection from fire
Talismans
 b - a beast talisman
Scrolls
 e - 4 scrolls of identify {unknown}
 h - a scroll of fear {unknown}
 j - a scroll of enchant armour {unknown}
 l - a scroll of noise {unknown}
 m - a scroll of silence {unknown}
Potions
 a - a potion of lignification
 c - a potion of curing {unknown}
 d - 2 potions of haste {unknown}
 g - a potion of cancellation {unknown}
 i - a potion of magic {unknown}
 k - a potion of brilliance {unknown}


   Skills:
 + Level 2.5 Fighting
 + Level 1.7 Throwing
 + Level 3.0 Dodging
 * Level 4.5 Unarmed Combat
 + Level 3.5 Shapeshifting


You had 5 spell levels left.
You didn't know any spells.
Your spell library contained the following spells:

 Spells                   Type           Power      Damage    Failure   Level
 Kiss of Death            Conj/Necr      0%         2d5       36%         1
 Confusing Touch          Hex            0%         N/A       75%         3
 Dispel Undead            Necr           0%         3d6       98%         4


Dungeon Overview and Level Annotations

Branches:
Dungeon (4/15)
 Temple: D:4-7

Altars:
Gozag

Shops:
D:1 =!


Innate Abilities, Weirdness & Mutations

You are a tree.
Your roots penetrate the ground, keeping you stationary.
You cannot be teleported.
You are immune to unholy pain and torment.
Your maximum health is greatly increased.
You cannot wear most types of armour.
((You are amphibious.))
You can wear up to eight rings at the same time.
((Your skin changes colour to match your surroundings (Stealth+).))
((Your rubbery body absorbs attacks. (AC +1, EV +1)))
((You are camouflaged when in or above water. (Stealth+)))
((You have tentacles for arms and can constrict up to eight enemies at once.))


Message History

You tentacle-slap something but do no damage.
Something hits you.
You are poisoned.
You tentacle-slap something but do no damage.
Your tentacle-slap misses something.
You feel very sick.
You hear some strange, mumbled words.
A magic dart appears from out of thin air!
The magic dart hits you.
You miss something. Your squeeze misses something.
You feel sick. Something hits you.
You closely miss something.
You feel sick.
The orc wizard hits you with a +0 dagger.
Something hits you.
You are more poisoned.
You tentacle-slap something. x2
You feel very sick.
The orc wizard points at you and mumbles some strange words.
The magic dart hits you. Something hits you.
* * * LOW HITPOINT WARNING * * *
You are more poisoned.
Really quaff the potion of lignification?
Your transformation has ended.
You turn into a tree.
Your roots penetrate the ground.
* * * LOW HITPOINT WARNING * * *
You feel very sick. Something hits you but does no damage.
You are more poisoned.
The orc wizard hits you but does no damage.
You smack the orc wizard!
You kill the orc wizard!
* * * LOW HITPOINT WARNING * * *
You feel very sick. The orc hits you but does no damage.
Something hits you but does no damage.
You have reached level 6!
You cannot move.
Unknown command.
You smack the adder!
You kill the adder!
You die...

... ...#...... .. ...#
#..#..###..## ...
...###..#...###.## ....
....##......#.....
....###....#.##..##.....
..).#...............#.
.w......##.......##.
#{)o...##.#.#...... .#
## #♣.....#...#.....#
...#.##)................
.......)..##...#........
###.....###....#........
..)............##.......
.)..#...............####
#..##...........##..#
#.. ##..........# ... #.
#...........#


You could see a worm and an orc.

Vanquished Creatures
  2 orc priests
  2 orc wizards
  5 adders
  A worm (D:2)
  A dart slug (D:1)
  10 orcs
  7 bats
  5 endoplasms
  4 giant cockroaches
  3 goblins
  3 hobgoblins
  6 jackals
  9 kobolds
  A quokka (D:1)
  7 ball pythons
  5 frilled lizards
  7 rats
78 creatures vanquished.

Notes
Turn   | Place    | Note
-------+----------+-------------------------------------------
     0 | D:1      | LeprechaunX the Octopode Shapeshifter began the quest for
                  | the Orb.
     0 | D:1      | Reached XP level 1. HP: 13/13 MP: 1/1
   190 | D:1      | Reached XP level 2. HP: 10/18 MP: 2/2
   370 | D:1      | Found Tiwitzi's Distillery.
   447 | D:1      | Reached XP level 3. HP: 19/23 MP: 3/3
   468 | D:1      | Found Zyejaf's Jewellery Boutique.
  1397 | D:2      | Reached XP level 4. HP: 29/29 MP: 4/4
  1733 | D:3      | Reached skill level 1 in Throwing
  1733 | D:3      | Reached skill level 4 in Unarmed Combat
  1743 | D:3      | Reached XP level 5. HP: 21/34 MP: 5/5
  1871 | D:3      | Found a faded altar of an unknown god.
  2147 | D:3      | Found an opulent altar of Gozag.
  2724 | D:4      | HP: 2/52 [poisoned by an orc wizard]
  2725 | D:4      | Reached XP level 6. HP: 3/41 MP: 6/6
  2725 | D:4      | Succumbed to an orc wizard's poison

Illustrated notes

Levels and vault maps discovered:
D:1:      nzn_arrival_settlement, layout_basic, serial_shops,
          nicolae_shop_back_alley_shop, shop
D:2:      layout_basic
D:3:      layout_loops_corners, grunt_gozag_statues,
          dreamdust_ecumenical_altar_grove
D:4:      layout_cave_pools

Skill      XL: |  1  2  3  4  5 |
---------------+----------------+-----
Fighting       | 2 |  2.5
Throwing       | 1 |  1.7
Unarmed Combat | 4 |  4.5
Dodging        | 3 |  3.0
Shapeshifting  | |  3.5

Action                     |  1- 3 |  4- 6 || total
---------------------------+-------+-------++-------
  Melee: Unarmed           |    73 |    52 ||   125
         Constrict         |    18 |    12 ||    30
         Tentacles         |    13 |    15 ||    28
         Punch             |     1 |     3 ||     4
  Throw: Boomerang         |       |    13 ||    13
    Use: Potion            |       |     1 ||     1
   Stab: Sleeping          |    11 |     6 ||    17
 Armour: Skin              |     9 |     6 ||    15
  Dodge: Dodged            |    42 |    12 ||    54

Table legend: (Time is in decaauts)
 A = Elapsed time spent in this place.
 B = Non-inter-level travel time spent in this place.
 C = Inter-level travel time spent in this place.
 D = Time resting spent in this place.
 E = Time spent auto-exploring this place.
 F = Levels seen in this place.
 G = Mean time per level.
                   A        B        C        D        E       F      G
               +--------+--------+--------+--------+--------+-----+--------+
         Total |   2718 |   2608 |    110 |      0 |   2219 |   4 |  679.5 |
       Dungeon |   2718 |   2608 |    110 |      0 |   2219 |   4 |  679.5 |
               +--------+--------+--------+--------+--------+-----+--------+

Top non-repeatable levels by time:
     D:3: 1023 daAuts
     D:1: 900 daAuts
     D:2: 715 daAuts
     D:4: 78 daAuts
